cohdb
Replays
Latest Replays
All Replays
Popular Replays
Top Player Replays
Match Explorer
How It Works
Community
CoH3 Stats
Reddit
Sign in to upload your games and track your stats! →
Sign in with Steam
Match 45664834
Unlisted
Match 45664834
Overview
Messages
Build Orders
End
Construct Barracks
Engineer Squad
Riflemen Squad
M1 Mortar Team
Riflemen Squad
Infantry Support Center
Grenade Package
Construct Weapon Support Center
M1919 Machine Gun Team
Construct Medical Station
M3 Armored Personnel Carrier
Advanced Logistics
M3 Armored Personnel Carrier
Selects Heavy Weapons
Selects Heavy Weapons
Selects Heavy Weapons
Construct Motor Pool
Selects Assault Carriers
Selects Exchangeable Parts
M3 Assault Carrier
Selects M2HB .50cal Heavy Machine Gun
M3 Assault Carrier
Riflemen Squad
M1918 Browning Automatic Rifles
Riflemen Squad
Construct Tank Depot
M1 Anti-tank Gun Team
Captain Retinue
Selects M26 Pershing Heavy Tank
M26 Pershing Heavy Tank
Engineer Squad
M18 Hellcat Tank Destroyer
M18 Hellcat Tank Destroyer
Selects Rapid Reposition
Selects Black Dragon Artillery Barrage
Black Dragon Artillery Barrage
M4(105) Sherman Bulldozer
Engineer Squad
Kanade
Grey24
ShiZzle
FlyingHase
0
0
Comments
sign in to comment!
No comments posted yet!